[Event "Team 45 45 League T35"]
[Site "Internet Chess Club"]
[Date "2007.10.20"]
[Round "1"]
[White "carolinaknight"]
[Black "Riddari"]
[Result "0-1"]
[WhiteElo "1305"]
[BlackElo "1293"]
[Opening "Sicilian: Smith-Morra gambit"]
[ECO "B21"]
[Time "16:57:15"]
[TimeControl "2700+45"]

1. e4 c5 2. d4 cxd4 3. c3 dxc3 4. Nxc3 Nc6 5. Bc4 e6 6. f3 Bb4 7. Bd2 Bxc3 8.
Bxc3 Qh4+ 9. g3 Qg5 10. Ne2 f6 11. Bd2 Qc5 12. Qc2 d5 13. exd5 exd5 14. Bb3 Qd6
15. O-O Nge7 16. Bf4 Qd8 17. Rfe1 Bh3 18. Rad1 Qb6+ 19. Nd4 Nxd4 20. Rxd4 Qxd4+
21. Be3 Qb4 22. Ba4+ b5 23. Bc5 Qxe1# {White checkmated} 0-1

[Event "Team 45 45 League T35"]
[Site "Internet Chess Club"]
[Date "2007.10.17"]
[Round "1"]
[White "otib2006"]
[Black "furrbrain"]
[Result "1-0"]
[WhiteElo "1287"]
[BlackElo "1215"]
[Opening "French: Two knights variation"]
[ECO "C00"]
[Time "19:00:16"]
[TimeControl "2700+45"]

1. e4 e6 2. Nf3 d5 3. Nc3 c5 4. d4 Nc6 5. Bb5 Bd7 6. O-O a6 7. Be2 Nf6 8. Bg5
Be7 9. dxc5 dxe4 10. Nd4 h6 11. Bxf6 Bxf6 12. Nxc6 Bxc6 13. Qxd8+ Bxd8 14. Rad1
Be7 15. b4 O-O 16. Rd4 f5 17. Bc4 Rf6 18. a4 a5 19. Bb5 e5 20. Rdd1 axb4 21. Nd5
Bxd5 22. Rxd5 Re6 23. Rd7 Bxc5 24. Bc4 e3 25. Bxe6+ Kh8 26. fxe3 Bxe3+ 27. Kh1
f4 28. Bd5 Rxa4 29. Rxb7 Bd2 30. Rb8+ Kh7 31. Be4+ g6 32. Rb7+ Kh8 33. Bxg6 Ra2
34. h3 Rxc2 35. Bxc2 {Black resigns} 1-0

[Event "Team 45 45 League T35"]
[Site "Internet Chess Club"]
[Date "2007.10.20"]
[Round "1"]
[White "WzeroMN"]
[Black "gilalva"]
[Result "1-0"]
[WhiteElo "1232"]
[BlackElo "1196"]
[Opening "Ruy Lopez: Berlin defense, Beverwijk variation"]
[ECO "C65"]
[Time "11:03:15"]
[TimeControl "2700+45"]

1. e4 e5 2. Nf3 Nc6 3. Bb5 Nf6 4. O-O Bc5 5. Bxc6 dxc6 6. d3 Bg4 7. Be3 Bxe3 8.
fxe3 O-O 9. Qe1 Qd6 10. Nbd2 Qc5 11. c3 Rad8 12. d4 exd4 13. exd4 Qb6 14. b4 a5
15. a3 c5 16. Nc4 Qa7 17. Nxa5 cxd4 18. cxd4 Bxf3 19. Rxf3 Qxd4+ 20. Kh1 Nxe4
21. Nxb7 Rde8 22. Qg1 Qxg1+ 23. Kxg1 Ng5 24. Rff1 f5 25. Nc5 f4 26. Rae1 Re3 27.
Rxe3 fxe3 28. Rxf8+ Kxf8 29. Kf1 Ke7 30. Ke2 Ne6 31. Nxe6 Kxe6 32. Kxe3 Kd5 33.
Kd3 c5 34. bxc5 Kxc5 35. Kc3 Kb5 36. Kb3 Ka5 37. Kc4 Ka4 38. Kd5 g5 39. g4 Kxa3
40. Ke5 h6 41. Kf5 Kb3 42. Kg6 Kc3 43. Kxh6 Kd3 44. Kxg5 Ke3 45. h4 Kf3 46. h5
{Black resigns} 1-0

[Event "Team 45 45 League T35"]
[Site "Internet Chess Club"]
[Date "2007.10.23"]
[Round "1"]
[White "b2solo"]
[Black "Visin"]
[Result "0-1"]
[WhiteElo "1202"]
[BlackElo "1398"]
[Opening "Réti: King's Indian attack (Barcza system)"]
[ECO "A07"]
[Time "16:56:25"]
[TimeControl "2700+45"]

1. Nf3 d5 2. g3 Nf6 3. Bg2 e6 4. d3 Nbd7 5. Nbd2 Bc5 6. c3 a6 7. O-O O-O 8. e4
Re8 9. e5 Ng4 10. d4 Ba7 11. h3 Nh6 12. Re1 Nf5 13. Nf1 c5 14. g4 Ne7 15. Qc2
cxd4 16. cxd4 f6 17. exf6 Nxf6 18. Bg5 Ne4 19. Rxe4 dxe4 20. Qxe4 Qd5 21. Qd3
Qb5 22. Qe4 Qxb2 23. Rb1 Qxa2 24. Ng3 Qd5 25. Qd3 Qd7 26. Bf4 Ng6 27. Ng5 h6 28.
Qxg6 hxg5 29. Be5 Bxd4 30. Bxd4 Rf8 31. Bxb7 Bxb7 32. Be5 Qf7 33. Qc2 Rac8 34.
Qb2 Bd5 35. Nh5 Qf3 36. Kf1 Qxh3+ 37. Ke1 Qh1+ 38. Kd2 Rxf2+ 39. Ke3 Qf3+ 40.
Kd4 Rc4# {White checkmated} 0-1

[Event "Team 45 45 League T35"]
[Site "Internet Chess Club"]
[Date "2007.10.23"]
[Round "1"]
[White "Tomate"]
[Black "uipawn"]
[Result "1-0"]
[WhiteElo "1341"]
[BlackElo "1288"]
[Opening "French defense"]
[ECO "C01"]
[Time "19:36:21"]
[TimeControl "2700+45"]

1. e4 e6 2. d4 c6 3. c4 b6 4. Nc3 Ba6 5. Nf3 Bb4 6. Bd2 Nf6 7. Be2 d5 8. e5 Ne4
9. Nxe4 Bxd2+ 10. Qxd2 dxe4 11. Ng5 b5 12. b3 h6 13. Nxe4 O-O 14. O-O bxc4 15.
Bxc4 Bxc4 16. bxc4 Nd7 17. Rfd1 Nb6 18. Qc2 Nc8 19. Rd3 Qe7 20. Rg3 Qh4 21. Nf6+
Qxf6 22. exf6 g6 23. Rxg6+ fxg6 24. Qxg6+ Kh8 25. Qg7# {Black checkmated} 1-0

[Event "Team 45 45 League T35"]
[Site "Internet Chess Club"]
[Date "2007.10.21"]
[Round "1"]
[White "LittleBunny"]
[Black "Dalcon"]
[Result "0-1"]
[WhiteElo "1211"]
[BlackElo "1344"]
[Opening "Robatsch (modern) defense"]
[ECO "B06"]
[Time "11:01:01"]
[TimeControl "2700+45"]

1. e4 g6 2. Nc3 Bg7 3. Nf3 d6 4. g3 Nf6 5. Bg2 O-O 6. O-O Nbd7 7. d4 c6 8. Be3
Re8 9. e5 dxe5 10. dxe5 Ng4 11. Bf4 Ndxe5 12. Nxe5 Nxe5 13. Qxd8 Rxd8 14. Rad1
Bf5 15. Be4 Bh3 16. Rfe1 f5 17. Bg2 Bxg2 18. Kxg2 Nc4 19. Rxd8+ Rxd8 20. Bc7 Rd7
21. Bf4 Nxb2 22. Bg5 Bxc3 23. Rxe7 Rxe7 24. Bxe7 Kf7 25. Bc5 a6 26. Kf1 b5 27.
a3 Nc4 28. Ke2 Bb2 29. Kd3 Bxa3 30. Kd4 Ke6 31. h4 a5 32. f4 Bb2+ 33. Kd3 Kd5
34. Bf8 a4 35. c3 a3 {White resigns} 0-1

[Event "Team 45 45 League T35"]
[Site "Internet Chess Club"]
[Date "2007.10.20"]
[Round "1"]
[White "rpgrossman"]
[Black "gsloan"]
[Result "1-0"]
[WhiteElo "1133"]
[BlackElo "1176"]
[Opening "English: Kurajica defense"]
[ECO "A13"]
[Time "07:34:30"]
[TimeControl "2700+45"]

1. Nf3 e6 2. c4 c6 3. g3 d5 4. b3 h6 5. Bg2 Nf6 6. O-O Be7 7. d3 a6 8. e4 dxe4
9. dxe4 Qxd1 10. Rxd1 Nxe4 11. Ne5 Bf6 12. Bf4 Nc5 13. Nc3 g5 14. Be3 Bxe5 15.
Rac1 Ncd7 16. Bd4 Bxd4 17. Rxd4 O-O 18. Ne4 b5 19. Nd6 e5 20. Rd3 Nf6 21. Nxc8
Rxc8 22. Rcd1 Nbd7 23. cxb5 axb5 24. Bh3 g4 25. Bg2 Ra7 26. h3 h5 27. h4 Kf8 28.
Rd6 c5 29. Bc6 Nb8 30. Rd8+ Rxd8 31. Rxd8+ Ke7 32. Rxb8 Rxa2 33. Rxb5 Ne4 34.
Bxe4 Ra1+ 35. Kg2 Ra3 36. Rxc5 Rxb3 37. Rxe5+ Kd6 38. Rxh5 Rb4 39. Bc2 Rb2 40.
Bd1 Rd2 41. Bxg4 {Black resigns} 1-0

[Event "Team 45 45 League T35"]
[Site "Internet Chess Club"]
[Date "2007.10.19"]
[Round "1"]
[White "curtintime"]
[Black "Mitch99"]
[Result "1-0"]
[WhiteElo "1514"]
[BlackElo "1363"]
[Opening "French: advance, Paulsen attack"]
[ECO "C02"]
[Time "18:02:47"]
[TimeControl "2700+45"]

1. e4 e6 2. d4 d5 3. e5 c5 4. c3 Nc6 5. Nf3 Qb6 6. a3 Bd7 7. b4 cxb4 8. axb4 f6
9. Bf4 fxe5 10. Nxe5 Nxe5 11. Bxe5 Ne7 12. Nd2 Ng6 13. Nf3 a5 14. Bd3 Ne7 15.
Ng5 Nf5 16. O-O Qd8 17. f4 axb4 18. cxb4 Ne3 19. Qh5+ Ke7 20. Rfe1 Rxa1 21. Qf7#
{Black checkmated} 1-0

[Event "Team 45 45 League T35"]
[Site "Internet Chess Club"]
[Date "2007.10.20"]
[Round "1"]
[White "mkrump"]
[Black "JustinZ"]
[Result "1-0"]
[WhiteElo "1398"]
[BlackElo "1225"]
[Opening "Sicilian: dragon variation"]
[ECO "B70"]
[Time "16:04:07"]
[TimeControl "2700+45"]

1. e4 c5 2. Nf3 d6 3. d4 cxd4 4. Nxd4 Nf6 5. Nc3 g6 6. Bc4 Bg7 7. Bd2 Nxe4 8.
Qf3 Nf6 9. O-O-O O-O 10. h3 e6 11. g4 Nxg4 12. Qxg4 f5 13. Bxe6+ Bxe6 14. Nxe6
fxg4 15. Nxd8 Rxd8 16. hxg4 Rf8 17. Nd5 Nc6 18. Be3 Ne5 19. Nc7 Rac8 20. Ne6 Rf7
21. Nxg7 Kxg7 22. Rxd6 Nxg4 23. Bxa7 Nxf2 24. Bxf2 Rxf2 25. Rd7+ Kg8 26. c3 Re8
27. Rdxh7 Re1+ 28. Rxe1 Kxh7 29. Re7+ Kh6 30. Rxb7 g5 31. Rb4 Kh5 32. a4 g4 33.
a5 g3 34. Rb8 g2 35. Rg8 Rf1+ 36. Kc2 g1=Q 37. Rxg1 Rxg1 38. b4 Rg3 39. b5 Rg4
40. Kb3 Kg6 41. a6 Rg5 42. Kb4 Rg4+ 43. c4 {Black resigns} 1-0

[Event "Team 45 45 League T35"]
[Site "Internet Chess Club"]
[Date "2007.10.22"]
[Round "1"]
[White "Prop"]
[Black "bjc"]
[Result "0-1"]
[WhiteElo "1258"]
[BlackElo "1274"]
[Opening "Two knights defense"]
[ECO "C55"]
[Time "18:55:52"]
[TimeControl "2700+45"]

1. e4 e5 2. Bc4 Nf6 3. Nf3 Nc6 4. O-O Nxe4 5. Nc3 Nf6 6. Re1 d6 7. d4 Be7 8.
dxe5 dxe5 9. Nxe5 Qxd1 10. Nxd1 Nxe5 11. Rxe5 Nd7 12. Re1 Kf8 13. Bf4 c6 14. Nc3
Nf6 15. Rad1 Bf5 16. Bd3 Bxd3 17. Rxd3 Nh5 18. Bd6 Bxd6 19. Rxd6 g6 20. Red1 Kg7
21. Ne4 Rhe8 22. f3 Nf4 23. c4 Ne6 24. g3 Rec8 25. f4 b6 26. g4 Nxf4 27. Rd7 Re8
28. Ng5 Rf8 29. Rf1 Ne2+ 30. Kg2 Kh6 31. Nxf7+ Rxf7 32. Rfxf7 Kg5 33. Kf3 Ng1+
34. Kg3 Ne2+ 35. Kf2 Nf4 36. Rxh7 Kxg4 37. h3+ Nxh3+ 38. Ke2 Nf4+ 39. Ke3 Re8+
40. Kd4 Ne6+ 41. Kc3 a5 42. Rd1 Nc5 43. Rg7 g5 44. Rg1+ Kf4 45. R7xg5 Re3+ 46.
Kc2 Re2+ 47. Kd1 Rxb2 48. Rg8 Ke4 49. Rd8 Rb1+ 50. Kc2 Rxg1 51. Rc8 Rg6 52. Rb8
Nd7 53. Rd8 Rd6 54. a4 Kd4 55. Kb3 Nc5+ 56. Kc2 Rxd8 {White resigns} 0-1

[Event "Team 45 45 League T35"]
[Site "Internet Chess Club"]
[Date "2007.10.20"]
[Round "1"]
[White "CSCARChaplain"]
[Black "BosqueVerde"]
[Result "0-1"]
[WhiteElo "721"]
[BlackElo "1247"]
[Opening "French: exchange variation"]
[ECO "C01"]
[Time "15:02:14"]
[TimeControl "2700+45"]

1. e4 e6 2. d4 d5 3. exd5 exd5 4. Nf3 c5 5. c3 Nc6 6. Bb5 Bd7 7. O-O Nf6 8. Ne5
Be7 9. Nxc6 bxc6 10. Ba4 cxd4 11. cxd4 O-O 12. Nc3 Rb8 13. a3 a5 14. Re1 Bd6 15.
Qd2 Qc7 16. Qc2 Rfe8 17. Bd2 Bxh2+ 18. Kf1 Bf4 19. Rxe8+ Rxe8 20. Re1 Rxe1+ 21.
Bxe1 c5 22. Nb5 Bxb5+ 23. Bxb5 Ne4 24. f3 Ng3+ 25. Bxg3 Bxg3 26. Qe2 h5 27. Qe8+
Kh7 28. Bd3+ g6 29. Qe3 Bf4 30. Qe2 cxd4 31. Bb5 Qc1+ 32. Qe1 Qxb2 33. Qxa5 Qb1+
34. Qe1 Qxb5+ 35. Qe2 d3 36. Qe7 d2+ 37. Qe2 d1=Q+ 38. Kf2 Qbxe2# {White
checkmated} 0-1

[Event "Team 45 45 League T35"]
[Site "Internet Chess Club"]
[Date "2007.10.21"]
[Round "1"]
[White "GadsHill"]
[Black "bmw2002"]
[Result "0-1"]
[WhiteElo "1542"]
[BlackElo "1730"]
[Opening "King's Indian: Petrosian system"]
[ECO "E92"]
[Time "20:06:15"]
[TimeControl "2700+45"]

1. d4 Nf6 2. c4 g6 3. Nc3 Bg7 4. e4 d6 5. Nf3 O-O 6. Be2 e5 7. d5 c6 8. Bg5 cxd5
9. cxd5 a6 10. O-O Nbd7 11. Rc1 h6 12. Bh4 g5 13. Bg3 Nc5 14. Nd2 Bd7 15. h3 b5
16. b4 Nb7 17. a3 Qb6 18. Kh1 Rfc8 19. Nb3 Rc7 20. f3 Qa7 21. Bf2 Qb8 22. Qd2
Nh5 23. Kh2 f5 24. exf5 Bxf5 25. g4 Qc8 26. gxf5 Qxf5 27. Bd3 Qxf3 28. Bb6 Qg3+
29. Kh1 Qxh3+ 30. Qh2 Ng3+ 31. Kg1 Qxh2+ 32. Kxh2 Nxf1+ 33. Bxf1 {White resigns}
0-1

[Event "Team 45 45 League T35"]
[Site "Internet Chess Club"]
[Date "2007.10.18"]
[Round "1"]
[White "BrerRabbit"]
[Black "chessbuzz"]
[Result "1/2-1/2"]
[WhiteElo "1597"]
[BlackElo "1627"]
[Opening "Bogo-Indian defense, Grünfeld variation"]
[ECO "E11"]
[Time "19:34:12"]
[TimeControl "2700+45"]

1. d4 Nf6 2. c4 e6 3. Nf3 Bb4+ 4. Nbd2 b6 5. e3 Bb7 6. a3 Be7 7. Bd3 c5 8. O-O
cxd4 9. Nxd4 Nc6 10. N2f3 a6 11. b3 b5 12. Bb2 bxc4 13. Bxc4 d5 14. Nxc6 Bxc6
15. Bd3 Bd6 16. Rc1 Bb5 17. Ne5 Bxe5 18. Bxe5 O-O 19. Qe2 Rc8 20. Bxb5 axb5 21.
Qxb5 Ne4 22. Qd3 Qh4 23. Qe2 Qg5 24. Bb2 Qf5 25. b4 Nd6 26. Rxc8 Rxc8 27. Qa6
Rd8 28. Rc1 Ne4 29. Qe2 Nd6 30. Qc2 Qxc2 31. Rxc2 Nc4 32. Bc1 h6 33. Kf1 Ra8 34.
Ra2 Kf8 35. Ke2 Ke8 36. Kd3 Kd7 37. e4 Kc6 38. f3 Kb5 39. exd5 exd5 40. Kd4 Nb6
41. Re2 Rc8 42. Bb2 Rc4+ 43. Kd3 Na4 44. Bxg7 f5 45. g3 f4 46. Bxh6 fxg3 47.
hxg3 Rc3+ 48. Kd4 Rxa3 49. Re3 Ra1 50. Kxd5 Kxb4 51. Re4+ Kb5 52. Re3 Rd1+ 53.
Ke4 Nc5+ 54. Kf5 Kc6 55. g4 Rd5+ 56. Re5 Rd8 57. g5 Nd3 58. Re7 Rd5+ 59. Kf6 Nf4
60. g6 Nh5+ 61. Ke6 Rd6+ 62. Kf5 Ng3+ 63. Kg5 Rd5+ 64. Kf6 Nh5+ 65. Kf7 Rf5+ 66.
Kg8 Rxf3 67. g7 {Game drawn by mutual agreement} 1/2-1/2

[Event "Team 45 45 League T35"]
[Site "Internet Chess Club"]
[Date "2007.10.19"]
[Round "1"]
[White "Platitude"]
[Black "allanchs"]
[Result "1-0"]
[WhiteElo "1565"]
[BlackElo "1504"]
[Opening "Ruy Lopez: closed, 9.d4"]
[ECO "C91"]
[Time "10:58:14"]
[TimeControl "2700+45"]

1. e4 e5 2. Nf3 Nc6 3. Bb5 a6 4. Ba4 Nf6 5. O-O Be7 6. Re1 b5 7. Bb3 d6 8. c3
O-O 9. d4 Na5 10. Bc2 Bg4 11. dxe5 Bxf3 12. Qxf3 dxe5 13. Rd1 Bd6 14. Bg5 Re8
15. Nd2 Qe7 16. Nf1 Rad8 17. Ne3 Qe6 18. Bxf6 Qxf6 19. Qxf6 gxf6 20. Rd3 Nc6 21.
Nd5 Re6 22. Bb3 Kh8 23. Ne3 Ree8 24. Rad1 Re7 25. Nf5 Red7 26. R1d2 Ne7 27. Nh6
Ng6 28. Nxf7+ Kg7 29. Nxd8 Rxd8 30. g3 Ne7 31. Be6 Rf8 32. f3 Ng6 33. Kg2 Ne7
34. a3 Ng6 35. Bd5 h5 36. Bb7 a5 37. Bc6 b4 38. axb4 axb4 39. cxb4 h4 40. b5
hxg3 41. hxg3 Rb8 42. Rxd6 cxd6 43. Rxd6 {Black resigns} 1-0

[Event "Team 45 45 League T35"]
[Site "Internet Chess Club"]
[Date "2007.10.20"]
[Round "1"]
[White "fredd"]
[Black "ticopatzer"]
[Result "1/2-1/2"]
[WhiteElo "1518"]
[BlackElo "1492"]
[Opening "QGD: Albin counter-gambit"]
[ECO "D08"]
[Time "17:05:15"]
[TimeControl "2700+45"]

1. d4 d5 2. c4 e5 3. e3 exd4 4. exd4 Be6 5. b3 Nf6 6. Nf3 Be7 7. Nc3 b6 8. Bd3
c5 9. Qc2 Nc6 10. Bf4 cxd4 11. Nb5 Rc8 12. Nbxd4 Nxd4 13. Nxd4 Bb4+ 14. Bd2
Bxd2+ 15. Qxd2 O-O 16. Nxe6 fxe6 17. O-O d4 18. Rfe1 Qe7 19. Bf5 Rcd8 20. Rxe6
Qc5 21. Bd3 Qh5 22. h3 Qh4 23. Rae1 Nh5 24. R1e4 Nf4 25. R6e5 Qh6 26. Kh2 Qd6
27. f3 Ng6 28. Qg5 Nxe5 29. Rxe5 Rde8 30. f4 h6 31. Qh5 Rxe5 32. fxe5 Qc7 33. c5
bxc5 34. Bc4+ Kh8 35. Qe2 Re8 36. g3 Qxe5 37. Qf3 Qe3 38. Qf5 Qd2+ 39. Kg1 Re1+
40. Bf1 Qe3+ 41. Kg2 Qd2+ 42. Kg1 Qxa2 43. Qf8+ Kh7 44. Qf5+ g6 45. Qf7+ Kh8 46.
Qf8+ {Game drawn by mutual agreement} 1/2-1/2

[Event "Team 45 45 League T35"]
[Site "Internet Chess Club"]
[Date "2007.10.20"]
[Round "1"]
[White "joshua9"]
[Black "knightc9mate"]
[Result "0-1"]
[WhiteElo "1703"]
[BlackElo "1890"]
[Opening "Sicilian: Kan, 5.Nc3"]
[ECO "B43"]
[Time "19:04:06"]
[TimeControl "2700+45"]

1. e4 c5 2. Nf3 e6 3. d4 cxd4 4. Nxd4 a6 5. Nc3 Qc7 6. Bd3 Nf6 7. O-O Nc6 8. Be3
d6 9. f4 Be7 10. a3 O-O 11. Qf3 Bd7 12. Nce2 e5 13. Nxc6 Bxc6 14. fxe5 dxe5 15.
Ng3 Bd7 16. h3 b5 17. Kh1 Be6 18. b4 Rfe8 19. Rac1 Rac8 20. Nf5 Bxf5 21. Qxf5
Qc3 22. g4 Rf8 23. g5 g6 24. Qf2 Nh5 25. h4 f6 26. Bd2 Qd4 27. Be3 Qd7 28. Qh2
fxg5 29. hxg5 Rxf1+ 30. Rxf1 Qg4 31. Bf2 Bxg5 32. Qxe5 Qf3+ 33. Kg1 Qg4+ 34. Kh1
Qf3+ 35. Kg1 Qg4+ 36. Kh1 Nf4 {White forfeits on time} 0-1

[Event "Team 45 45 League T35"]
[Site "Internet Chess Club"]
[Date "2007.10.22"]
[Round "1"]
[White "Avedldesierto"]
[Black "Juan73"]
[Result "0-1"]
[WhiteElo "1665"]
[BlackElo "1719"]
[Opening "Giuoco Piano"]
[ECO "C53"]
[Time "19:48:52"]
[TimeControl "2700+45"]

1. e4 e5 2. Nf3 Nc6 3. Bc4 Bc5 4. c3 Qf6 5. b4 Bb6 6. d3 Nge7 7. Bd2 d6 8. Bg5
Qg6 9. b5 Na5 10. Bb3 h6 11. Be3 Bxe3 12. fxe3 Qxg2 13. Rg1 Qb2 14. Nbd2 Qxc3
15. Ke2 Nxb3 16. Nxb3 O-O 17. Rc1 Qb2+ 18. Rc2 Qa3 19. Qe1 c6 20. Qh4 Ng6 21.
Qg3 Be6 22. bxc6 Rac8 23. Nh4 Rxc6 24. Rd2 Bxb3 25. Nxg6 fxg6 26. Qxg6 Rf7 27.
axb3 Qxb3 28. Qxh6 Rc2 29. Rxg7+ Rxg7 30. Rxc2 Qxc2+ 31. Kf1 Qxd3+ 32. Kf2 Rf7+
33. Kg3 Rg7+ 34. Kf2 Qd2+ 35. Kf1 Qd1+ 36. Kf2 Qg1+ 37. Ke2 Rg2+ 38. Kd3 Qd1+
39. Kc4 Rc2+ {White resigns} 0-1

[Event "Team 45 45 League T35"]
[Site "Internet Chess Club"]
[Date "2007.10.30"]
[Round "1"]
[White "arriero55"]
[Black "scottrugby"]
[Result "0-1"]
[WhiteElo "1550"]
[BlackElo "1483"]
[Opening "Sicilian: Hungarian variation"]
[ECO "B34"]
[Time "11:23:39"]
[TimeControl "2700+45"]

1. e4 c5 2. Nf3 g6 3. d4 cxd4 4. Nxd4 Nc6 5. Be3 Nf6 6. h3 Bg7 7. Be2 Nxe4 8. f3
Ng3 9. Rg1 Nxe2 10. Kxe2 O-O 11. c3 d6 12. Nd2 Nxd4+ 13. cxd4 Bd7 14. Re1 e5 15.
Ne4 Bb5+ 16. Kf2 Qh4+ 17. Kg1 Qd8 18. a4 Bc6 19. d5 Bd7 20. b3 Bf5 21. Nf2 e4
22. Ra2 exf3 23. Qxf3 Re8 24. g4 Qa5 25. Ree2 Bd7 26. Ne4 Qb4 27. Nf6+ Bxf6 28.
Qxf6 Qxb3 29. Bh6 Qg3+ 30. Kf1 Qxh3+ 31. Kg1 Qxh6 32. Rh2 Qe3+ 33. Raf2 Qg3+ 34.
Kf1 Qd3+ 35. Re2 Rxe2 36. Rxe2 Qxd5 37. Re7 Qh1+ 38. Kf2 Be6 39. Rxb7 Qxb7
{White resigns} 0-1

[Event "Team 45 45 League T35"]
[Site "Internet Chess Club"]
[Date "2007.10.19"]
[Round "1"]
[White "beerss"]
[Black "jjmolina"]
[Result "1-0"]
[WhiteElo "1417"]
[BlackElo "1525"]
[Opening "Bird: From gambit"]
[ECO "A02"]
[Time "15:57:33"]
[TimeControl "2700+45"]

1. f4 e5 2. fxe5 d6 3. Nf3 g5 4. d4 g4 5. Ng5 dxe5 6. d5 h6 7. Ne4 Nf6 8. Nxf6+
Qxf6 9. g3 Bc5 10. e3 h5 11. Bd3 h4 12. Rf1 Qg7 13. Nc3 hxg3 14. hxg3 Rh2 15.
Bd2 Rg2 16. Ne2 c6 17. Be4 Rh2 18. dxc6 Nxc6 19. Bxc6+ bxc6 20. b4 Bd6 21. Bc3
f5 22. Qxd6 Ba6 23. Qxc6+ Kf7 24. Qxa6 {Black resigns} 1-0

[Event "Team 45 45 League T35"]
[Site "Internet Chess Club"]
[Date "2007.10.19"]
[Round "1"]
[White "Fegary"]
[Black "Archdruid"]
[Result "1-0"]
[WhiteElo "1850"]
[BlackElo "1748"]
[Opening "Ruy Lopez: closed, Chigorin defense"]
[ECO "C97"]
[Time "11:00:04"]
[TimeControl "2700+45"]

1. e4 e5 2. Nf3 Nc6 3. Bb5 a6 4. Ba4 Nf6 5. O-O b5 6. Bb3 Be7 7. Re1 O-O 8. h3
d6 9. c3 Na5 10. Bc2 c5 11. d4 Qc7 12. Nbd2 Bb7 13. d5 Bc8 14. Nf1 c4 15. Ng3
Re8 16. b4 cxb3 17. axb3 Bd7 18. Bd2 Rec8 19. Nh4 Nb7 20. Nhf5 Bxf5 21. Nxf5 Bd8
22. b4 a5 23. Bd3 axb4 24. cxb4 Rxa1 25. Qxa1 g6 26. Rc1 Qb8 27. Rxc8 Qxc8 28.
Ng3 h5 29. Ne2 Bb6 30. Qa6 Qc7 31. Nc3 Nd7 32. Nxb5 Qb8 33. Na3 Qc7 34. Nc4 Bd4
35. Qc6 Qb8 36. Qxd7 Kg7 37. Bg5 Qa7 38. Qe7 Bxf2+ 39. Kh2 Bg1+ 40. Kh1 Nd8 41.
Bf6+ Kg8 42. Qxd8+ {Black resigns} 1-0

[Event "Team 45 45 League T35"]
[Site "Internet Chess Club"]
[Date "2007.10.20"]
[Round "1"]
[White "OOB1"]
[Black "chesskix"]
[Result "1/2-1/2"]
[WhiteElo "1544"]
[BlackElo "1522"]
[Opening "Caro-Kann defense"]
[ECO "B11"]
[Time "14:27:08"]
[TimeControl "2700+45"]

1. e4 c6 2. Nc3 e6 3. d4 d5 4. e5 h6 5. Bd3 Nd7 6. Nh3 b5 7. a3 Ne7 8. Qg4 h5 9.
Qh4 Nf5 10. Qxd8+ Kxd8 11. Bxf5 exf5 12. Nf4 Be7 13. e6 Nf8 14. exf7 g5 15. Nd3
Ng6 16. Ne5 Nxe5 17. dxe5 Rf8 18. f4 gxf4 19. Bxf4 Rxf7 20. O-O-O Be6 21. g3 a6
22. Ne2 Rg7 23. h4 c5 24. Ng1 Kd7 25. Nf3 a5 26. b3 Kc6 27. Kb2 Rg4 28. c3 Rag8
29. Rhg1 a4 30. b4 Rd8 31. Rd2 Rd7 32. Rgd1 Rg8 33. Bg5 f4 34. Bxf4 Bg4 35. Rf2
Kb6 36. Rdd2 Rgd8 37. Ng5 cxb4 38. cxb4 Re8 39. Be3+ Kc6 40. Rc2+ Kb7 41. Bf4
Bxg5 42. hxg5 Rc7 43. Rfd2 Rxc2+ 44. Kxc2 Rc8+ 45. Kb2 Be6 46. Rh2 Bf5 47. Rxh5
Rc2+ 48. Ka1 Rc3 49. Kb2 Rb3+ 50. Ka2 Bb1+ 51. Ka1 Bg6 52. Ka2 Bb1+ 53. Ka1 Bg6
54. Rh2 Rxa3+ 55. Ra2 Rb3 56. Rb2 Ra3+ 57. Ra2 Rb3 58. Rb2 Ra3+ {Game drawn by
mutual agreement} 1/2-1/2

[Event "Team 45 45 League T35"]
[Site "Internet Chess Club"]
[Date "2007.10.18"]
[Round "1"]
[White "natethegreat"]
[Black "keisher415"]
[Result "0-1"]
[WhiteElo "1556"]
[BlackElo "1800"]
[Opening "Sicilian: Alapin's variation (2.c3)"]
[ECO "B22"]
[Time "20:09:59"]
[TimeControl "2700+45"]

1. e4 c5 2. c3 e6 3. d4 a6 4. Nf3 cxd4 5. cxd4 Nf6 6. e5 Nd5 7. Bc4 Bb4+ 8. Bd2
Bxd2+ 9. Nbxd2 Ne7 10. Ne4 O-O 11. Nd6 Nbc6 12. O-O Nf5 13. d5 Nxe5 14. Nxf5
Nxc4 15. dxe6 fxe6 16. Qd4 Rxf5 17. Qxc4 Rb8 18. Rad1 b5 19. Qxe6+ dxe6 20.
Rxd8+ Kf7 21. Rc1 Rd5 22. Rc7+ Kg6 23. Nh4+ Kh5 24. Rxd5+ exd5 25. Rxg7 Kxh4 26.
f4 Bf5 27. h3 Rc8 28. Rg5 Be4 29. Kh2 Rc2 30. Kg1 Rxb2 31. Re5 Kg3 32. Rg5+ Kxf4
33. h4 Rxa2 {White resigns} 0-1

[Event "Team 45 45 League T35"]
[Site "Internet Chess Club"]
[Date "2007.10.20"]
[Round "1"]
[White "stpatzer"]
[Black "curtintime"]
[Result "1-0"]
[WhiteElo "1362"]
[BlackElo "1491"]
[Opening "Queen's pawn game, Chigorin variation"]
[ECO "D02"]
[Time "16:03:07"]
[TimeControl "2700+45"]

1. d4 d5 2. Nf3 Nc6 3. e3 Nf6 4. Bd3 Bg4 5. O-O e5 6. dxe5 Nxe5 7. Be2 Bd6 8.
Nxe5 Bxe2 9. Qxe2 Bxe5 10. Qb5+ c6 11. Qxb7 O-O 12. Qxc6 Rc8 13. Qa4 Qc7 14. c3
Bxh2+ 15. Kh1 Ne4 16. Nd2 Nxd2 17. Bxd2 Qe5 18. Qh4 Rc6 19. Qxh2 Rh6 20. Qxh6
gxh6 21. Kg1 h5 22. Rad1 Qe4 23. Bc1 Kh8 24. Rd4 Qe6 25. Rfd1 Rg8 26. Rxd5 Qg6
27. g3 h4 28. Rd6 Qg7 29. e4 hxg3 30. f3 Qe5 31. Be3 Qe7 32. Bd4+ Rg7 33. Rd8+
Qxd8 34. Bxg7+ Kxg7 35. Rxd8 {Black resigns} 1-0

[Event "Team 45 45 League T35"]
[Site "Internet Chess Club"]
[Date "2007.10.21"]
[Round "1"]
[White "cityprosecutor"]
[Black "Andruw"]
[Result "1/2-1/2"]
[WhiteElo "1776"]
[BlackElo "1632"]
[Opening "Pirc: classical, h3 system"]
[ECO "B08"]
[Time "18:03:04"]
[TimeControl "2700+45"]

1. e4 d6 2. d4 Nf6 3. Nc3 g6 4. Nf3 Bg7 5. h3 O-O 6. Be3 Na6 7. Qd2 c5 8. g4 Rb8
9. Bh6 cxd4 10. Nxd4 Nc5 11. f3 a6 12. Rg1 e5 13. Nf5 Bxf5 14. gxf5 Qb6 15. fxg6
Nd3+ 16. Qxd3 Qxg1 17. Bxg7 Kxg7 18. gxh7 Qg3+ 19. Kd2 Nxh7 20. Re1 Rfd8 21. Re2
Qf4+ 22. Kd1 Kf8 23. Nd5 Qh4 24. Rg2 Nf6 25. Ne3 Nh5 26. Rg4 Qf6 27. Nd5 Qe6 28.
Qd2 Nf4 29. Nxf4 exf4 30. Rxf4 Qxa2 31. Qc3 Rbc8 32. Qh8+ Ke7 33. Qf6+ Kd7 34.
Qxf7+ Qxf7 35. Rxf7+ Kc6 36. Bc4 b5 37. Bd5+ Kb6 38. b4 Rc7 39. Rxc7 Kxc7 40.
Kd2 Kb6 41. Be6 a5 42. bxa5+ Kxa5 43. Bg4 Kb4 44. h4 Kc5 45. Kd3 Re8 46. h5 d5
47. Bf5 dxe4+ 48. fxe4 Rd8+ 49. Ke2 Kd4 50. h6 Rd6 51. h7 Rh6 52. Kf2 b4 53. Kg2
Ke5 54. Kg3 Kf6 55. Kg4 Kg7 56. e5 Rh1 57. Bd3 Kf7 58. Be4 Rh2 59. Kg3 Rh6 60.
Kf3 Ke6 61. Kf4 Kf7 62. Ke3 Ke6 63. Kd4 Rh4 64. h8=Q Rxh8 65. Bd5+ Ke7 66. Kc5
Rc8+ 67. Kxb4 {Game drawn by mutual agreement} 1/2-1/2

[Event "Team 45 45 League T35"]
[Site "Internet Chess Club"]
[Date "2007.10.18"]
[Round "1"]
[White "GolfSuper"]
[Black "mickeys"]
[Result "1-0"]
[WhiteElo "1666"]
[BlackElo "1641"]
[Opening "Sicilian: accelerated fianchetto, modern variation"]
[ECO "B34"]
[Time "19:01:20"]
[TimeControl "2700+45"]

1. e4 c5 2. Nf3 Nc6 3. d4 cxd4 4. Nxd4 g6 5. Nc3 Bg7 6. Be3 d6 7. Bc4 Nf6 8. f3
Bd7 9. Qd2 Ne5 10. Bb3 Rc8 11. O-O-O a6 12. Kb1 b5 13. h4 b4 14. Na4 Qa5 15. Nb6
Rc7 16. Nxd7 Nfxd7 17. h5 Nc4 18. Bxc4 Rxc4 19. Nb3 Qc7 20. hxg6 fxg6 21. Bd4
Ne5 22. f4 Rxd4 23. Qxd4 O-O 24. fxe5 a5 25. Qd5+ Kh8 26. exd6 exd6 27. Qxd6 Qf7
28. Nxa5 Ra8 29. Qd5 Qa7 30. Rxh7+ Kxh7 31. Rh1+ Bh6 32. Qd2 Qg7 33. Qxb4 Qe5
34. Qb7+ {Black resigns} 1-0